 Dungeon Crawl Stone Soup version 0.32-a0-391-gce5c0aab1b (webtiles) character file.

Game seed: 11875069884461217226

158 n00bmints the Cutter (level 5, -3/6 HPs)
             Began as a Human Berserker on Feb 19, 2024.
             Was a Believer of Trog.
             Slain by a gnoll
             ... wielding a +0 spear
              (5 damage)
             ... on level 3 of the Dungeon.
             The game lasted 00:08:24 (2407 turns).

n00bmints the Cutter (Human Berserker)              Turns: 2407, Time: 00:08:24

Health: -3/6       AC:  3    Str: 19    XL:     5   Next: 40%
Magic:  5/5        EV:  6    Int:  8    God:    Trog [**....]
Gold:   129        SH:  5    Dex: 18    Spells: 4/4 levels left

rFire   . . .        r - melded +0 long sword
rCold   . . .        (shield currently unavailable)
rNeg    . . .        l - +0 plate armour
rPois   .            q - +0 helmet
rElec   .            c - +0 cloak
rCorr   .            (gloves currently unavailable)
SInv    .            (no boots)
Will    ++...        e - amulet of reflection Stlth
                     o - +6 ring of dexterity
HPRegen 1.21/turn    (no ring)
MPRegen 0.09/turn

%: reflection
@: berserking, blade hands, strong-willed, regenerating, very quick
A: reduced hp, explore regen
a: Begin Untransformation, Renounce Religion, Berserk, Trog's Hand


You were on level 3 of the Dungeon.
You worshipped Trog.
Trog was pleased with you.
You had blades for hands.
You visited 1 branch of the dungeon, and saw 3 of its levels.

You collected 129 gold pieces.

Inventory:

Hand Weapons
 r - a +0 long sword (melded)
Armour
 c - a +0 cloak (worn)
 l - a +0 plate armour (worn)
 q - a +0 helmet (worn)
Jewellery
 e - an amulet of reflection (around neck)
 o - a +6 ring of dexterity (left blade hand)
Talismans
 a - a blade talisman (active)
Scrolls
 d - a scroll of identify {unknown}
 g - a scroll of fear {unknown}
 h - a scroll of fog {unknown}
 j - a scroll of teleportation {unknown}
 k - a scroll of amnesia {unknown}
 m - a scroll of vulnerability {unknown}
Potions
 b - 2 potions of cancellation {unknown}
 f - a potion of enlightenment {unknown}
 i - a potion of magic {unknown}
 n - 2 potions of curing {unknown}
 p - 2 potions of invisibility {unknown}


   Skills:
 + Level 3.9 Fighting
 + Level 4.4 Short Blades
 + Level 0.1(2.6) Long Blades
 + Level 2.6 Armour
 + Level 2.5 Dodging
 + Level 0.3 Stealth
 + Level 1.0 Shields


You had 4 spell levels left.
You didn't know any spells.
Your spell library was empty.

Dungeon Overview and Level Annotations

Branches:
Dungeon (3/15)

Altars:


Innate Abilities, Weirdness & Mutations

You have blades for hands.
Your maximum health is decreased, since you lack skill for your form.
You are incapable of wielding weapons or throwing items.
You regain HP and MP as you explore.


Message History

You kill the giant cockroach!
Trog accepts your kill.
You see here a staff of conjuration.
A gnoll comes into view.
It is wielding a +0 spear and quivering 2 throwing nets.
The gnoll shouts!
You hear a loud squeak. x2; You hear a shout!
You hear an angry hiss.
You hear a shout!
The gnoll throws a throwing net.
You block the throwing net with an invisible shield... and reflect it back!
The throwing net closely misses the gnoll.
The gnoll throws a throwing net.
You block the throwing net with an invisible shield... and reflect it back!
The throwing net hits the gnoll.
The gnoll is caught in the net!
The gnoll struggles against the net.
The gnoll struggles against the net.
The gnoll struggles against the net.
A frilled lizard comes into view.
The frilled lizard hisses angrily.
The gnoll struggles against the net.
The net rips apart, and the gnoll comes free!
Your skin crawls.
You feel strong-willed.
The gnoll hits you from afar with a +0 spear.
Ouch! That really hurt!
* * * LOW HITPOINT WARNING * * *
A red film seems to cover your vision as you go berserk!
You feel yourself moving faster!
You feel mighty!
A goblin comes into view. It is wielding a +0 dagger.
A rat comes into view.
The gnoll barely misses you.
An adder comes into view.
You feel a strong urge to attack something.
The rat squeaks loudly.
The adder hisses angrily.
You hear a loud squeak.
The gnoll hits you with a +0 spear.
Ouch! That really hurt!
* * * LOW HITPOINT WARNING * * *
You slash the gnoll!
The gnoll is severely wounded.
The gnoll hits you with a +0 spear.
Ouch! That really hurt!
You die...

. #....# #) #. #.#..####
#. (###.......# #.
#...###|...# #.
#S#g###.############.
..###...##...............
.......rl..#############.
###.##.#g### #......
...#@# #.####. #####.# #.
#.# #. #.# #. #.# #. #.#
#. #.. #. ### #. ###.


You could see a gnoll, an adder, a goblin, a frilled lizard and a rat.

Vanquished Creatures
  2 adders
  3 dart slugs
  4 ribbon worms
  5 bats
  7 endoplasms
  7 giant cockroaches
  3 hobgoblins (D:1)
  4 jackals (D:1)
  5 quokkas
  4 ball pythons
  4 frilled lizards
  12 goblins
  2 kobolds
  8 rats
70 creatures vanquished.

Notes
Turn   | Place    | Note
-------+----------+-------------------------------------------
     0 | D:1      | n00bmints the Human Berserker began the quest for the Orb.
     0 | D:1      | Reached XP level 1. HP: 18/18 MP: 1/1
     2 | D:1      | Found a runed translucent door.
   120 | D:1      | Reached XP level 2. HP: 22/24 MP: 2/2
   252 | D:1      | Reached XP level 3. HP: 29/29 MP: 3/3
   539 | D:1      | Reached ** piety under Trog
   984 | D:1      | Reached XP level 4. HP: 35/35 MP: 4/4
  1133 | D:1      | Reached skill level 4 in Short Blades
  1277 | D:2      | Found a faded altar of an unknown god.
  1666 | D:2      | Reached XP level 5. HP: 42/42 MP: 5/5
  2006 | D:3      | Reached skill level 1 in Shields
  2407 | D:3      | Slain by a gnoll

Illustrated notes

Levels and vault maps discovered:
D:1:      dpeg_arrival_caged_fury, layout_basic, st_stairs_11
D:2:      layout_loops_cross, shapermc_ecumenical_altar_starsandcircs
D:3:      kennysheep_big_flooded_room, layout_basic,
          amcnicky_mini_corridor_feature, kennysheep_pointless_box,
          minmay_starry_boxes

Skill      XL: |  1  2  3  4  5 |
---------------+----------------+-----
Short Blades   | 4 |  4.4
Shields        | 1 |  1.0
Fighting       | |  3.9
Long Blades    | |  0.1
Armour         | |  2.6
Dodging        | |  2.5
Stealth        | |  0.3

Action                     |  1- 3 |  4- 6 || total
---------------------------+-------+-------++-------
  Melee: Short sword       |   142 |   219 ||   361
         Long sword        |       |     7 ||     7
         Unarmed           |       |     2 ||     2
 Invoke: Berserk           |     1 |     2 ||     3
         Trog's Hand       |     1 |     4 ||     5
   Stab: Held in net/web   |       |     1 ||     1
 Armour: Scale mail        |    77 |    32 ||   109
         Plate armour      |       |    71 ||    71
  Dodge: Dodged            |    66 |    72 ||   138
  Block: Other             |     1 |    43 ||    44
         Reflection        |       |     5 ||     5
   Form: Blade             |       |     1 ||     1

Table legend: (Time is in decaauts)
 A = Elapsed time spent in this place.
 B = Non-inter-level travel time spent in this place.
 C = Inter-level travel time spent in this place.
 D = Time resting spent in this place.
 E = Time spent auto-exploring this place.
 F = Levels seen in this place.
 G = Mean time per level.
                   A        B        C        D        E       F      G
               +--------+--------+--------+--------+--------+-----+--------+
         Total |   2369 |   2276 |     93 |      0 |   1453 |   3 |  789.7 |
       Dungeon |   2369 |   2276 |     93 |      0 |   1453 |   3 |  789.7 |
               +--------+--------+--------+--------+--------+-----+--------+

Top non-repeatable levels by time:
     D:1: 1150 daAuts
     D:2: 710 daAuts
     D:3: 508 daAuts
